 Dungeon Crawl Stone Soup version 0.31-a0-627-gd65175cf8b (webtiles) character file.

Game seed: 12728780270274243932

72 Essalna the Insei (level 4, -3/34 HPs)
             Began as a Demonspawn Shapeshifter on Aug 25, 2023.
             Slain by an ogre
             ... wielding a +0 giant spiked club
              (11 damage)
             ... on level 3 of the Dungeon.
             The game lasted 00:03:25 (2239 turns).

Essalna the Insei (Demonspawn Shapeshifter)         Turns: 2239, Time: 00:03:25

Health: -3/34      AC:  5    Str: 15    XL:     4   Next: 6%
Magic:  4/4        EV: 17    Int: 10    God:
Gold:   232        SH:  0    Dex: 15    Spells: 3/3 levels left

rFire   . .          .
                       - Unarmed
rCold   . . .        (no shield)
rNeg    . . .        a - +0 animal skin
rPois   .            (helmet currently unavailable)
rElec   .            (cloak currently unavailable)
rCorr   .            (gloves currently unavailable)
SInv    .            (boots currently unavailable)
Will    .....        (no amulet)
Stlth   +            f - +5 ring of evasion
HPRegen 0.25/turn    (no ring)
MPRegen 0.09/turn

%: no passive effects
@: beast-form
A: beast (slay +1), yellow scales 2
a: Begin Untransformation


You were on level 3 of the Dungeon.
You were a hulking beast.
You visited 1 branch of the dungeon, and saw 3 of its levels.

You collected 232 gold pieces.

Inventory:

Armour
 a - a +0 animal skin (worn)
 m - a +2 hat
Jewellery
 f - a +5 ring of evasion (left hand)
 o - a ring of protection from fire
Talismans
 c - a beast talisman (active)
 d - a flux talisman
Wands
 x - a wand of flame (19)
Scrolls
 e - a scroll of poison {unknown}
 g - 2 scrolls of noise {unknown}
 h - a scroll of blinking {unknown}
 i - a scroll of revelation {unknown}
 j - 2 scrolls of enchant weapon {unknown}
 l - 3 scrolls of identify {unknown}
 p - a scroll of torment {unknown}
 t - 2 scrolls of butterflies {unknown}
 u - 2 scrolls of teleportation {unknown}
 w - a scroll of immolation {unknown}
Potions
 b - 2 potions of lignification
 k - 2 potions of might {unknown}
 n - a potion of mutation {unknown}
 q - a potion of curing {unknown}
 r - 2 potions of brilliance {unknown}
 s - a potion of enlightenment {unknown}
 v - a potion of heal wounds {unknown}


   Skills:
 + Level 2.4 Fighting
 - Level 1.7 Dodging
 + Level 3.3 Unarmed Combat
 + Level 3.2 Shapeshifting


You had 3 spell levels left.
You didn't know any spells.
Your spell library contained the following spells:

 Spells                   Type           Power      Damage    Failure   Level
 Summon Guardian Golem    Hex/Summ       0%         N/A       75%         3
 Orb of Destruction       Conj           0%         9d5       100%        7
 Spellforged Servitor     Conj/Summ      0%         N/A       100%        7


Dungeon Overview and Level Annotations

Branches:
Dungeon (3/15)

Altars:

Shops:
D:2 =   D:3 (


Innate Abilities, Weirdness & Mutations

You are a hulking beast.
Your limbs bulge with bestial killing power. (Slay +1)
You are mostly covered in yellow scales. (AC +3)


Message History

No target in view!
No target in view!
No target in view!
No target in view!
Found 3 stones.
You see here 3 stones.
You see here a ball python skeleton.
The ogre shouts!
An ogre is nearby!
Aiming: Throw Flame
Press: ? - help, Shift-Dir - straight line, f - ogre
Aim: an ogre, wielding a +0 giant spiked club (85% to hit)
The puff of flame hits the ogre.
The ogre is moderately wounded.
You hit the ogre.
The ogre is moderately wounded.
The ogre misses you.
You hit the ogre.
The ogre is moderately wounded.
You hit the ogre.
The ogre is heavily wounded.
The ogre hits you with a +0 giant spiked club!
You hit the ogre but do no damage.
The ogre is heavily wounded.
The ogre barely misses you.
You closely miss the ogre.
The ogre is heavily wounded.
You hit the ogre.
The ogre is heavily wounded.
The ogre closely misses you.
You hit the ogre.
The ogre is heavily wounded.
You hit the ogre.
The ogre is severely wounded.
The ogre hits you with a +0 giant spiked club!
* * * LOW HITPOINT WARNING * * *
You hit the ogre.
The ogre is severely wounded.
The ogre hits you with a +0 giant spiked club!
You die...

...#....#..#...>............###..
##.##...#........................
#.........#####.................
###....##.# ##..............#...
##......##.###...................
........##.##....................
..###.........#..................
..# #............................
#####..........Oh........##.##...
###............##.....#..##.##...
#..(.###.......##.......###.#####
..#.###.............##### #.# #..
.##.###.##...<.#..#.# #.# #..
.#..##..##........#.### #.# #..
.#.###.###..รท.>...#...## #.# ###
.#.###.# #........###..####.####
.......# ####..##.# ##.........#


You could see an ogre.

Vanquished Creatures
  2 worms (D:2)
  5 orcs (D:3)
  2 bats
  3 endoplasms
  4 giant cockroaches
  5 goblins
  3 hobgoblins
  7 jackals
  2 quokkas
  6 ball pythons
  A frilled lizard (D:2)
  5 kobolds
  9 rats
54 creatures vanquished.

Notes
Turn   | Place    | Note
-------+----------+-------------------------------------------
     0 | D:1      | Essalna the Demonspawn Shapeshifter began the quest for the
                  | Orb.
     0 | D:1      | Reached XP level 1. HP: 15/15 MP: 1/1
   248 | D:1      | Gained mutation: You are partially covered in yellow
                  | scales. (AC +2) [demonic ancestry]
   248 | D:1      | Reached XP level 2. HP: 12/21 MP: 2/2
   933 | D:2      | Gained mutation: You are mostly covered in yellow scales.
                  | (AC +3) [demonic ancestry]
   933 | D:2      | Reached XP level 3. HP: 8/27 MP: 3/3
  1265 | D:2      | Found Vogim's Jewellery Shop.
  1775 | D:3      | Found Lepafaeg's Antique Weapon Shoppe.
  1825 | D:3      | Noticed an ogre
  2076 | D:3      | Found a faded altar of an unknown god.
  2151 | D:3      | Reached XP level 4. HP: 34/34 MP: 4/4
  2239 | D:3      | Slain by an ogre

Illustrated notes

Levels and vault maps discovered:
D:1:      dpeg_cavernosity, layout_basic
D:2:      layout_loops_corners, serial_shops, shop, amethyst_killhole
D:3:      layout_rooms, shapermc_ecumenical_altar_notcrosses, serial_shops,
          nicolae_shop_gibbet_a_chance

Skill      XL: |  1  2  3 |
---------------+----------+-----
Unarmed Combat | 3 |  3.3
Shapeshifting  | 3 |  3.2
Fighting       | 2 |  2.4
Dodging        | |  1.7

Action                     |  1- 3 |  4- 6 || total
---------------------------+-------+-------++-------
  Melee: Unarmed           |   156 |    11 ||   167
         Punch             |     3 |       ||     3
  Evoke: Wand              |       |     1 ||     1
   Stab: Sleeping          |     1 |       ||     1
 Armour: Animal skin       |    29 |       ||    29
  Dodge: Dodged            |   115 |     4 ||   119

Table legend: (Time is in decaauts)
 A = Elapsed time spent in this place.
 B = Non-inter-level travel time spent in this place.
 C = Inter-level travel time spent in this place.
 D = Time resting spent in this place.
 E = Time spent auto-exploring this place.
 F = Levels seen in this place.
 G = Mean time per level.
                   A        B        C        D        E       F      G
               +--------+--------+--------+--------+--------+-----+--------+
         Total |   2230 |   2127 |    103 |      0 |   1752 |   3 |  743.3 |
       Dungeon |   2230 |   2127 |    103 |      0 |   1752 |   3 |  743.3 |
               +--------+--------+--------+--------+--------+-----+--------+

Top non-repeatable levels by time:
     D:2: 1084 daAuts
     D:1: 727 daAuts
     D:3: 418 daAuts
